[Event "Late-Titled-Tuesday-Blitz-October-17-2023"]
[Site "Chess.com"]
[Date "2023.10.17"]
[Round "3"]
[White "Aariow"]
[Black "Willychess95"]
[Result "0-1"]
[WhiteElo "2473"]
[BlackElo "2661"]
[TimeControl "180+1"]
[EndTime "14:28:59 PDT"]
[Termination "Willychess95 won by resignation"]

1. d4 Nf6 2. c4 e6 3. Nc3 Bb4 4. Qc2 d5 5. cxd5 exd5 6. Bg5 c6 7. e3 h6 8. Bh4 Bd6 9. Bd3 Be6 10.
Nge2 Nbd7 11. O-O Qe7 12. f4 Bg4 13. Ng3 Qxe3+ 14. Kh1 O-O-O 15. Nb5 Bxf4 16. Nf5 Bxf5 17.
Bxf5 g5 18. Rf3 Qd2 19. Qxd2 Bxd2 20. Bg3 Bf4 21. Bxf4 gxf4 22. Nd6+ Kc7 23. Nxf7 Rhe8 24. Nxd8 Kxd8 25. Bxd7 Nxd7 26. Rxf4 Re2 27. b3 a5 28.
Kg1 Rd2 29. a3 Rd3 30. b4 a4 31. Rh4 Nf6 32. Rxh6 Ne4 33. h4 Rxd4 34. h5 Ng3 35.
Rh8+ Kc7 36. h6 Rh4 37. Kf2 Ne4+ 38. Ke3 Kb6 39. Rf1 Nd6 40. h7 Nc4+ 41. Kd3 Nxa3 42. Rf7 Nc4 43. Rb8 Ne5+ 44. Ke3 Nxf7 45. Ra8 Rxh7 46.
Rxa4 Rg7 47. Kf3 Ne5+ 48. Kf4 Nd3+ 49. Ke3 Nb2 50. Ra2 Rxg2 51. Kf3 Rc2 52. Ra8 Nc4 53. Kf4 Rb2 54. Ra3 Nxa3 0-1

[Event "Late-Titled-Tuesday-Blitz-October-17-2023"]
[Site "Chess.com"]
[Date "2023.10.17"]
[Round "3"]
[White "Nick12772"]
[Black "expii"]
[Result "0-1"]
[WhiteElo "2390"]
[BlackElo "2248"]
[TimeControl "180+1"]
[EndTime "14:29:00 PDT"]
[Termination "expii won by resignation"]

1. Nf3 d5 2. g3 c5 3. Bg2 Nc6 4. d4 Nf6 5. O-O e6 6. c4 dxc4 7. Ne5 Nxe5 8. dxe5 Nd5 9. Na3 Be7 10. Nxc4 O-O 11.
Ne3 Nxe3 12. Bxe3 Qc7 13. Qc2 Bd7 14. f4 Bc6 15. Bxc6 Qxc6 16. Rac1 b6 17. b4 Rac8 18. bxc5 bxc5 19. Qc4 Rfd8 20. Rfd1 Rd5 21. Rd3 Rcd8 22. Rcd1 Rxd3 23. Rxd3 Rxd3 24. exd3 h6 25. Qe4 Qxe4 26.
dxe4 Kf8 27. Kf1 Ke8 28. Ke2 Kd7 29. Kd3 Kc6 30. Kc4 a6 31. f5 h5 32. h3 g6 33.
g4 hxg4 34. hxg4 Bh4 35. Bxc5 Bg3 36. Bd4 Bf4 37. Bc3 Bg3 38. Bd4 Bf4 39. a4 Bg3 40.
Kd3 Bf4 41. Ke2 g5 42. Be3 Bxe3 43. Kxe3 Kc5 44. Kd3 Kb4 45. Kd4 a5 46. Kd3 Kxa4 47.
Kc4 Ka3 48. Kc3 a4 49. Kc2 Kb4 50. Kb2 Kc4 51. Ka2 Kd4 52. Ka3 Kxe5 53. Kxa4 Kxe4 54. Kb4 exf5 55. Kc5 fxg4 0-1

[Event "Late-Titled-Tuesday-Blitz-October-17-2023"]
[Site "Chess.com"]
[Date "2023.10.17"]
[Round "3"]
[White "GiorgianBarbosa"]
[Black "dmarcolino"]
[Result "1-0"]
[WhiteElo "2371"]
[BlackElo "2085"]
[TimeControl "180+1"]
[EndTime "14:29:01 PDT"]
[Termination "GiorgianBarbosa won on time"]

1. e4 c6 2. c4 d5 3. cxd5 cxd5 4. exd5 Nf6 5. Nc3 Nxd5 6. d4 e6 7. Nf3 Be7 8. Bc4 Nxc3 9. bxc3 O-O 10. O-O Qc7 11. Qd3 Nd7 12. Bb3 b6 13. Bc2 g6 14.
Bh6 Rd8 15. Ng5 Bb7 16. Qh3 Nf6 17. Nxe6 fxe6 18. Qxe6+ Kh8 19. Qf7 Rg8 20. Rfe1 Bd8 21. Qxc7 Bxc7 22. Re7 Rac8 23. Bb3 Bd5 24. c4 Bd6 25.
Rxa7 Bxc4 26. Bxc4 Rxc4 27. Rf7 Nd5 28. Rd7 Rc6 29.
g3 Rgc8 30. Kg2 Nf6 31. Rf7 Nh5 32. Re1 Kg8 33. Ra7 Bf8 34. Re4 Bxh6 35. Ree7 Bf8 36. Rxh7 Nf6 37. Rhb7 Bd6 38. h4 R8c7 39. Ra8+ Kf7 40.
Rbb8 Nd7 41. Rh8 1-0

[Event "Late-Titled-Tuesday-Blitz-October-17-2023"]
[Site "Chess.com"]
[Date "2023.10.17"]
[Round "3"]
[White "Miguelitro69"]
[Black "stolencandy13"]
[Result "1-0"]
[WhiteElo "2319"]
[BlackElo "2522"]
[TimeControl "180+1"]
[EndTime "14:29:03 PDT"]
[Termination "Miguelitro69 won on time"]

1. e4 c6 2. d4 d5 3. Nc3 dxe4 4.
Nxe4 Bf5 5. Ng3 Bg6 6. Nf3 Nd7 7. h4 h6 8. h5 Bh7 9. Bd3 Bxd3 10. Qxd3 e6 11.
Bd2 Ngf6 12. O-O-O Be7 13. Kb1 a5 14. Qe2 a4 15.
Ne5 a3 16. b3 O-O 17. Bc3 Nd5 18. Ba1 Bb4 19. Qf3 Nxe5 20. dxe5 Qe7 21. c3 Ba5 22. Ne4 Rad8 23. g4 Bc7 24. c4 Nb4 25. g5 Rxd1+ 26. Rxd1 hxg5 27. h6 Rd8 28. Rh1 Qd7 29. hxg7 Qd3+ 30.
Qxd3 Rxd3 31. Nf6+ Kxg7 32. Ne8+ Kg6 33. Nxc7 Rf3 34.
Bc3 Nd3 35. Bd4 Rf4 36. Be3 Re4 37. Ne8 Rxe5 38. Nd6 f5 39. Rd1 Nb4 40. Rg1 g4 41.
Nxb7 Re4 42. Nc5 Re5 43. Bd4 Re2 44. Nxe6 Rxe6 45. Bc5 Nd3 46. Be3 Re4 47. Kc2 Nb4+ 48. Kc3 Na6 49. b4 Nc7 50. Bb6 Ne6 51. f3 Re2 52.
Kb3 1-0

[Event "Late-Titled-Tuesday-Blitz-October-17-2023"]
[Site "Chess.com"]
[Date "2023.10.17"]
[Round "3"]
[White "Road2GM3000"]
[Black "Sacbutt"]
[Result "1-0"]
[WhiteElo "2401"]
[BlackElo "2212"]
[TimeControl "180+1"]
[EndTime "14:29:03 PDT"]
[Termination "Road2GM3000 won on time"]

1. d4 Nf6 2. c4 e6 3. Nc3 Bb4 4.
Nf3 d5 5. cxd5 exd5 6. Bg5 O-O 7.
e3 c6 8. Bd3 h6 9. Bh4 Nbd7 10.
O-O Re8 11. Rc1 Be7 12. Ne5 Ne4 13. Bxe7 Qxe7 14. Nxf7 Nxc3 15. Nxh6+ gxh6 16. Rxc3 Nf6 17. Bb1 Bg4 18. Qc2 Bh5 19. h3 Qg7 20. Qb3 Ne4 21.
Rcc1 Nd2 22. Qd3 Bf3 23. g3 Nxf1 24. Qxf1 Be4 25. Qe2 Bxb1 26. Rxb1 Qxd4 27. b4 a6 28. a4 Qe4 29. Rb2 Re7 30. b5 axb5 31. a5 Rf7 32. Qh5 Qe6 33. Rb4 Rg7 34. Rf4 Rxa5 35. Qh4 Ra8 36. Rf6 Qd7 37. Rxh6 Ra1+ 38. Kh2 Rh7 39.
Rg6+ Rg7 40. Rh6 Rh7 41. Rg6+ Kf8 42. Rf6+ Rf7 43. Qh8+ Ke7 44. Rg6 1-0

[Event "Late-Titled-Tuesday-Blitz-October-17-2023"]
[Site "Chess.com"]
[Date "2023.10.17"]
[Round "3"]
[White "Predator0608"]
[Black "Hsper248"]
[Result "1-0"]
[WhiteElo "2513"]
[BlackElo "2680"]
[TimeControl "180+1"]
[EndTime "14:29:04 PDT"]
[Termination "Predator0608 won by checkmate"]

1. e4 e5 2. Nf3 Nc6 3. Bc4 Nf6 4. Ng5 d5 5. exd5 Na5 6. Bb5+ c6 7. dxc6 bxc6 8.
Bd3 Nd5 9. Nf3 Bd6 10. O-O O-O 11. Re1 Re8 12. Nc3 f5 13. Nxd5 cxd5 14. b4 Nb7 15. Bb5 Re6 16. d3 e4 17. dxe4 fxe4 18. Ng5 Re5 19.
Bc6 Be7 20. f4 Rxg5 21. fxg5 Qb6+ 22. Be3 Qxc6 23. Rf1 Be6 24. Qd4 Nd6 25. Qc5 Qd7 26. Bf4 Nb5 27. Qe3 Rc8 28. Rad1 Bxb4 29. Kh1 Rxc2 30.
Qb3 Rc4 31. Be5 a5 32. Qg3 Bc3 33. Qf2 Qe8 34. Bg3 g6 35. Rb1 Bg7 36. Rxb5 Qxb5 37.
Be5 Qe8 38. Bxg7 Kxg7 39. Qf6+ Kg8 40. Qe5 Rc8 41. h4 Bf5 42. Qf6 Qe6 43. Qd4 Qd6 44. h5 Rc4 45. Qb2 Qb4 46. Qf6 Qf8 47. Qe5 Qe8 48.
Qxe8+ Kg7 49. h6# 1-0

[Event "Late-Titled-Tuesday-Blitz-October-17-2023"]
[Site "Chess.com"]
[Date "2023.10.17"]
[Round "3"]
[White "AradNazari"]
[Black "Thormento16"]
[Result "1/2-1/2"]
[WhiteElo "2896"]
[BlackElo "2345"]
[TimeControl "180+1"]
[EndTime "14:29:05 PDT"]
[Termination "Game drawn by repetition"]

1. e4 c5 2. Nf3 d6 3. Bb5+ Bd7 4. Bxd7+ Nxd7 5. O-O Ngf6 6. Qe2 Rc8 7. b3 g6 8. Bb2 Bg7 9. c4 O-O 10. Nc3 e6 11.
Rfd1 Ne5 12. Ne1 Nc6 13. Nc2 a6 14. h3 Nd4 15. Qd3 Nh5 16. Nxd4 cxd4 17. Ne2 e5 18. b4 f5 19. Rdc1 Qg5 20. Rc2 Nf6 21. Ng3 f4 22. Nf1 f3 23. Qxf3 Nd5 24. Qb3 Nf4 25.
c5+ Kh8 26. Ng3 dxc5 27. Rxc5 b6 28. Rxc8 Rxc8 29. Rc1 Rxc1+ 30. Bxc1 h5 31. Qf3 Qe7 32. a3 Qc7 33. Qd1 h4 34. Nf1 Qxc1 35. Qg4 Bf6 36. g3 Nh5 37. Qxg6 Qd1 38. g4 Nf4 39. Qxf6+ Kh7 40. Qf5+ Kh6 41. Qf6+ Kh7 42. Qf5+ Kh6 43. Qxe5 Qf3 44. Qf6+ Kh7 45. Qf7+ Kh8 46. Qf8+ Kh7 47. Qe7+ Kg8 48. Qd8+ Kg7 49. Qe7+ Kg8 50. Qd8+ Kg7 51.
Qg5+ Kf8 52. Qf6+ Kg8 53. Qd8+ 1/2-1/2

[Event "Late-Titled-Tuesday-Blitz-October-17-2023"]
[Site "Chess.com"]
[Date "2023.10.17"]
[Round "3"]
[White "KaydenTroffChess"]
[Black "VincentKeymer"]
[Result "0-1"]
[WhiteElo "2816"]
[BlackElo "3091"]
[TimeControl "180+1"]
[EndTime "14:29:06 PDT"]
[Termination "VincentKeymer won by resignation"]

1. d4 Nf6 2. c4 e6 3. Nf3 d5 4. g3 Bb4+ 5. Bd2 Be7 6. Bg2 O-O 7. O-O c6 8. Qc2 Nbd7 9. Bf4 a5 10. Nbd2 Nh5 11. Be3 Bd6 12. Ng5 Nhf6 13. f4 b6 14. Bf2 Ba6 15. e4 h6 16. Nxe6 fxe6 17. e5 Bb4 18.
exf6 Qxf6 19. b3 Rac8 20. Nf3 c5 21. Ne5 Rfd8 22. a3 cxd4 23. axb4 dxc4 24. bxc4 Nxe5 25. fxe5 Qxe5 26. Rfe1 Qf6 27. bxa5 bxa5 28. Rxa5 Bxc4 29. Qd2 d3 30. Ra3 Rb8 31. Rc3 Bb5 32. Be4 Rbc8 33. Rxc8 Rxc8 34. Bxd3 Rd8 35. Re3 Qd4 36. Rf3 Qd5 37.
Bh7+ Kxh7 38. Qxd5 Rxd5 39. Rf4 Rd1+ 40. Kg2 Bc6+ 41.
Kh3 e5 42. Rf5 Bd7 43. g4 Bxf5 44. gxf5 g6 45. fxg6+ Kxg6 46. Kg3 Kf5 47. Kf3 h5 48. Ke2 Rb1 49. Bg3 Ke4 50. Kf2 Rb2+ 51. Ke1 Ra2 52. Kf1 Kd4 53. Ke1 e4 54. Kf1 Kd3 55. Kg1 e3 56. Bh4 Ke4 57. h3 Kf3 58. Kh1 Ra1+ 59.
Kh2 e2 60. Bg3 Rh1+ 61. Kxh1 Kxg3 0-1

[Event "Late-Titled-Tuesday-Blitz-October-17-2023"]
[Site "Chess.com"]
[Date "2023.10.17"]
[Round "3"]
[White "biostatistician"]
[Black "sorch29"]
[Result "1-0"]
[WhiteElo "2590"]
[BlackElo "2394"]
[TimeControl "180+1"]
[EndTime "14:29:06 PDT"]
[Termination "biostatistician won by resignation"]

1. d4 Nf6 2. Nf3 g6 3. c4 Bg7 4. Nc3 d6 5. e4 O-O 6. Be2 e5 7.
dxe5 dxe5 8. Qxd8 Rxd8 9. Bg5 Re8 10. Nd5 Nxd5 11. cxd5 c6 12. Bc4 b5 13. Bb3 a5 14. a4 Bd7 15. O-O bxa4 16. Bc4 cxd5 17. Bxd5 Bc6 18. Rfd1 Ra7 19. Be3 Rb7 20. Rd2 Bf8 21.
Bxc6 Nxc6 22. Rxa4 Bb4 23. Rc2 Nd4 24. Rc4 Nxf3+ 25.
gxf3 f6 26. Ra1 Kf7 27. Rac1 Ree7 28. Kg2 g5 29. R1c2 h5 30. Rc8 Kg7 31. Kg3 Kg6 32. h4 Rh7 33. hxg5 fxg5 34. R2c6+ Kf7 35. Bxg5 Rg7 36.
Kh4 Rg6 37. Rxg6 Kxg6 38. Rc6+ Kf7 39. Kxh5 Be1 40. Rc5 Rxb2 41. Rxe5 Bxf2 42. Re7+ Kf8 43. Kg6 Rb6+ 44. Bf6 Bd4 45. e5 Bxe5 46. Rxe5 a4 47.
Ra5 Ke8 48. f4 Kd7 49. Rxa4 Rc6 50. f5 Rc4 51. Rxc4 Kd6 52. Re4 Kd5 53. Re6 1-0

[Event "Late-Titled-Tuesday-Blitz-October-17-2023"]
[Site "Chess.com"]
[Date "2023.10.17"]
[Round "3"]
[White "stregachess"]
[Black "Smiechu"]
[Result "0-1"]
[WhiteElo "2080"]
[BlackElo "2514"]
[TimeControl "180+1"]
[EndTime "14:29:06 PDT"]
[Termination "Smiechu won on time"]

1. d4 Nf6 2. Nf3 c5 3. c3 g6 4. Bf4 b6 5. e3 Bb7 6. Nbd2 Bg7 7. Nc4 O-O 8. Be2 d6 9. h3 Nbd7 10. O-O Ne4 11. Ncd2 Ndf6 12. Nxe4 Nxe4 13. Nd2 e5 14. Bh2 Nxd2 15. Qxd2 Qg5 16. Bg3 exd4 17. cxd4 cxd4 18.
h4 dxe3 19. hxg5 exd2 20. Rad1 Bxb2 21. Rxd2 Be5 22. f4 Bg7 23. Rxd6 Rfe8 24. Bb5 Bf8 25.
Rd2 Red8 26. Rfd1 Be7 27. Bc4 Rxd2 28. Rxd2 Rd8 29. Re2 Bc5+ 30. Kh2 a6 31. Bb3 b5 32. Rc2 Rc8 33. a4 Be3 34. Re2 Rc3 35. Ba2 bxa4 36. Rb2 Be4 37. f5 Bxf5 38. Rb8+ Rc8 39. Rb7 Be6 40.
Bxe6 fxe6 41. Be5 Bxg5 42. Rg7+ Kf8 43. Rxh7 Ke8 44. Ra7 Rc6 45. Ra8+ Kd7 46. Ra7+ Kc8 47.
Ra8+ Kb7 48. Rg8 Rc5 49. Bg3 a3 50. Rxg6 a2 51. Rg7+ Kc6 0-1

[Event "Late-Titled-Tuesday-Blitz-October-17-2023"]
[Site "Chess.com"]
[Date "2023.10.17"]
[Round "3"]
[White "wanyaland"]
[Black "olawsson"]
[Result "1-0"]
[WhiteElo "2442"]
[BlackElo "2096"]
[TimeControl "180+1"]
[EndTime "14:29:07 PDT"]
[Termination "wanyaland won by resignation"]

1. d4 d6 2. c4 g6 3. Nf3 Bg7 4. g3 Nf6 5. Bg2 O-O 6. Nc3 c6 7. O-O Qa5 8. h3 e5 9. Be3 Nbd7 10. Rc1 Re8 11. b3 exd4 12. Bxd4 Ne5 13. Kh2 Bf5 14. Qd2 Qc7 15. Rfd1 Rad8 16. Be3 b6 17. Nd4 Bd7 18. Kg1 a6 19. f4 c5 20. Nc2 Nc6 21. Nd5 Nxd5 22. cxd5 Ne7 23. Bf2 h5 24. e4 b5 25. e5 Nf5 26. g4 hxg4 27. hxg4 Nh6 28. e6 fxe6 29. dxe6 Bxe6 30. f5 gxf5 31. gxf5 Nxf5 32.
Re1 Qf7 33. Re4 Qg6 34. Qe2 Be5 35. Rg4 Qxg4 36. Qxg4+ Kf7 37. Qh5+ Kf6 38. Ne3 Rg8 39. Ng4+ Rxg4 40. Qxg4 Rg8 41. Qe4 Nh6 42. Rf1 Ng4 43. Bh4+ Kg7 44. Qb7+ Kh6 45. Qe7 Bd4+ 46. Kh1 Nf2+ 47.
Bxf2 Rxg2 48. Kxg2 Bd5+ 49. Kg1 1-0

[Event "Late-Titled-Tuesday-Blitz-October-17-2023"]
[Site "Chess.com"]
[Date "2023.10.17"]
[Round "3"]
[White "Chempiblinka"]
[Black "Mikhal867"]
[Result "1-0"]
[WhiteElo "2285"]
[BlackElo "2430"]
[TimeControl "180+1"]
[EndTime "14:29:07 PDT"]
[Termination "Chempiblinka won on time"]

1. Nf3 c5 2. g3 Nc6 3. Bg2 e5 4.
d3 d5 5. O-O f6 6. c4 d4 7. e3 Be6 8. exd4 cxd4 9. Na3 Qd7 10. Nc2 a5 11. b3 Bc5 12. a3 Nge7 13. Bd2 O-O 14. b4 Bd6 15. c5 Bc7 16. b5 Nd8 17. a4 Nd5 18. Na3 Bf5 19. Be1 Ne6 20. Rc1 Nb4 21.
Bxb4 axb4 22. c6 bxc6 23. bxc6 Qc8 24. Nb5 Bg4 25. Qb3 Kh8 26. Qxb4 Ba5 27. Qc4 Nc7 28. Nd6 Qb8 29. Nf7+ Rxf7 30. Qxf7 Be6 31. Qh5 Bc3 32.
Nh4 Rxa4 33. Ng6+ Kg8 34. Ne7+ Kf8 35. Qxh7 Kxe7 36. Qxg7+ Bf7 37. Rb1 Rb4 38. Rbc1 Ne6 39. Qh6 Rb2 40. Qh7 Qc7 41. Qf5 Ng7 42. Qe4 Ne6 43.
Rb1 Nc5 44. Qf5 Na4 45. Rxb2 Nxb2 46. Qh7 Qd6 47. h4 Qc7 48. h5 Ke6 49. h6 f5 50.
Qg7 1-0

[Event "Late-Titled-Tuesday-Blitz-October-17-2023"]
[Site "Chess.com"]
[Date "2023.10.17"]
[Round "3"]
[White "BobDaKow"]
[Black "kai_nov"]
[Result "1-0"]
[WhiteElo "2078"]
[BlackElo "2271"]
[TimeControl "180+1"]
[EndTime "14:29:09 PDT"]
[Termination "BobDaKow won on time"]

1. e4 c5 2. Nf3 Nc6 3. Bb5 e6 4. Bxc6 bxc6 5. b3 Ne7 6. O-O Ng6 7. e5 f6 8. Bb2 Be7 9. h4 O-O 10. g3 Nxe5 11. Nxe5 fxe5 12. Bxe5 d6 13. Bb2 e5 14. d3 Bxh4 15. Qh5 Bg5 16. Nc3 g6 17. Qh2 Bg4 18. Ne4 Bf3 19. Rae1 Bxe4 20. dxe4 Qd7 21. Bc1 Bxc1 22. Rxc1 Qg4 23. Qg2 Rf3 24.
Rcd1 Rd8 25. Rd2 d5 26. Rfd1 d4 27. Rd3 Rdf8 28. Rxf3 Rxf3 29. Rd2 Kg7 30. Kf1 Qxe4 31. Rd3 Qxd3+ 32. cxd3 Rxd3 33. Qe4 Rc3 34. Qxe5+ Kg8 35. Qe6+ Kg7 36. Qe7+ Kg8 37. Qe8+ Kg7 38. Qd7+ Kg8 39. Qxc6 d3 40. Qd5+ Kf8 41. Qd6+ Kf7 42. Qd5+ Kf8 43. Qf3+ Kg8 44. Qe4 d2 45. Qe6+ Kf8 46. Qd6+ Ke8 47.
Qxd2 Rf3 48. Qe2+ Kd7 49. Qxf3 c4 50. Qd5+ 1-0

[Event "Late-Titled-Tuesday-Blitz-October-17-2023"]
[Site "Chess.com"]
[Date "2023.10.17"]
[Round "3"]
[White "effefe"]
[Black "maciek_92"]
[Result "0-1"]
[WhiteElo "2348"]
[BlackElo "2847"]
[TimeControl "180+1"]
[EndTime "14:29:10 PDT"]
[Termination "maciek_92 won on time"]

1. d4 Nf6 2. c4 d6 3. Nf3 Nbd7 4. Nc3 e5 5. e4 Be7 6. Be2 O-O 7. O-O c6 8. h3 Re8 9. Be3 Bf8 10. d5 c5 11.
Nh2 a6 12. a4 g6 13. Qd2 Bg7 14. Bf3 Kh8 15. g4 Ng8 16. Kh1 Rf8 17. Rg1 Qa5 18. g5 f5 19. gxf6 Ndxf6 20. Rg3 Bd7 21.
Rag1 Rf7 22. Ng4 Nh5 23. Kh2 Nxg3 24. Rxg3 Raf8 25. Kg2 Bxa4 26. Nh6 Nxh6 27. Bxh6 Bd7 28. Bxg7+ Rxg7 29. h4 Qd8 30. Qh6 Rf4 31. h5 Rh4 32. Nd1 Qf8 33. Ne3 Bh3+ 34. Kg1 Qf4 35. Qxf4 exf4 36.
Ng2 Bxg2 37. Rxg2 gxh5 38. Rxg7 Kxg7 39. Kg2 Kf6 40. Bd1 f3+ 41. Kxf3 Ke5 42. Ke3 Rf4 43.
f3 h4 44. Be2 h3 45. Bf1 h2 46. Bg2 h5 47. Kf2 h4 48. Bh1 b5 49. Kg2 b4 50.
Kxh2 b3 51. Kh3 a5 52. Bg2 a4 0-1

[Event "Late-Titled-Tuesday-Blitz-October-17-2023"]
[Site "Chess.com"]
[Date "2023.10.17"]
[Round "3"]
[White "Alphafischer2019"]
[Black "szachmistrz2500"]
[Result "0-1"]
[WhiteElo "2594"]
[BlackElo "2428"]
[TimeControl "180+1"]
[EndTime "14:29:12 PDT"]
[Termination "szachmistrz2500 won by checkmate"]

1. e4 c5 2. d3 Nc6 3. g3 g6 4. Bg2 Bg7 5. f4 Rb8 6. Nf3 b5 7. O-O e6 8. c3 b4 9. Be3 d6 10.
d4 bxc3 11. bxc3 cxd4 12. cxd4 Nge7 13. Nc3 O-O 14. Rc1 Ba6 15. Re1 d5 16. e5 Na5 17. g4 Nc4 18. Bf2 Qa5 19. Nd2 Nb2 20. Qf3 Nd3 21. Nb3 Qa3 22. Rcd1 Nxe1 23. Rxe1 Bc4 24. Nc5 Qa5 25. Nd7 Rb2 26. Nxf8 Bxf8 27. h3 Rc2 28. Re3 Bxa2 29. h4 Rc1+ 30. Kh2 Bb1 31.
Nxb1 Rxb1 32. h5 Rb2 33. hxg6 hxg6 34. Bh4 Qd2 35. Qh3 Nc6 36. Bf6 Bg7 37. Bxg7 Kxg7 38.
g5 Nxd4 39. Kg1 Nf5 40. Rc3 Rb1+ 41. Bf1 Qxf4 42. Rc8 Qxg5+ 43. Kh2 Qf4+ 44. Kg1 Qe3+ 45. Kh2 Qf2+ 46. Qg2 Rxf1 47. Rg8+ Kxg8 48. Kh3 Qxg2+ 49. Kxg2 Ne3+ 50. Kh3 d4 51. Kh4 d3 52. Kg5 Kg7 53.
Kh4 d2 54. Kg5 d1=Q 55. Kh4 Qg4# 0-1

[Event "Late-Titled-Tuesday-Blitz-October-17-2023"]
[Site "Chess.com"]
[Date "2023.10.17"]
[Round "3"]
[White "Aygehovit1992"]
[Black "Necromon"]
[Result "0-1"]
[WhiteElo "2657"]
[BlackElo "2507"]
[TimeControl "180+1"]
[EndTime "14:29:15 PDT"]
[Termination "Necromon won by resignation"]

1. e4 c5 2. Nc3 Nc6 3. Bb5 g6 4.
Bxc6 dxc6 5. f4 e5 6. d3 Bg7 7.
Nf3 exf4 8. Bxf4 Nf6 9. Qd2 Bg4 10. O-O O-O 11. Kh1 Nd7 12. Bh6 f5 13. Bxg7 Kxg7 14. Ng5 Qe7 15. exf5 Bxf5 16. Rae1 Qd6 17. h3 Rae8 18. Rxe8 Rxe8 19. Nce4 Bxe4 20. Qc3+ Qe5 21. Rf7+ Kg8 22. Qxe5 Nxe5 23. Rxb7 Bd5 24. c4 Bf7 25.
Rxa7 h6 26. Ne4 Kg7 27. Nxc5 Kf6 28. a4 Rd8 29. Rc7 Nxd3 30. Rxc6+ Kg5 31. Nxd3 Rxd3 32. a5 Rb3 33. Rb6 Bxc4 34. Rxb3 Bxb3 35. a6 Bc4 36. a7 Bd5 37. Kg1 Kf4 38. Kf2 g5 39. b4 h5 40. b5 Bb7 41. b6 g4 42. g3+ Ke4 43.
hxg4 hxg4 44. Ke2 Ba8 45. Kd2 Kf3 46. Kc3 Kxg3 47. Kd4 Kf4 48. Kc5 g3 49. Kd6 g2 50.
Kc7 g1=Q 51. Kb8 Qg8+ 52. Kc7 Qd5 0-1

[Event "Late-Titled-Tuesday-Blitz-October-17-2023"]
[Site "Chess.com"]
[Date "2023.10.17"]
[Round "3"]
[White "midedu"]
[Black "gunslinger222"]
[Result "1-0"]
[WhiteElo "2034"]
[BlackElo "2345"]
[TimeControl "180+1"]
[EndTime "14:29:18 PDT"]
[Termination "midedu won on time"]

1. e4 d5 2. exd5 Qxd5 3. d4 Qa5+ 4. c3 Nf6 5. Nf3 Bg4 6. Be2 e6 7. O-O Be7 8. h3 Bh5 9. Bf4 O-O 10. Nbd2 c6 11. a4 Nd5 12. Bh2 Nd7 13. Nc4 Qd8 14. Re1 N7b6 15. Nce5 Nd7 16. Nc4 N7b6 17. Na5 Qc8 18.
Ne5 Bxe2 19. Qxe2 Nd7 20. Nf3 b6 21. Nc4 a5 22. Rad1 Qa6 23. Rd2 b5 24. axb5 cxb5 25.
Nce5 Nxe5 26. Nxe5 Ra7 27. Ra1 Qb7 28. f4 Bf6 29.
Ng4 Rd8 30. Qf3 a4 31. f5 Bg5 32. Re2 exf5 33. Qxf5 h6 34. Rae1 Qd7 35. Qf3 Nf6 36. Ne5 Qd5 37. Qf5 g6 38. Qf2 Kg7 39. h4 Bxh4 40.
Qxh4 b4 41. Nf3 bxc3 42. bxc3 a3 43. Be5 Ra6 44. Ra1 Rda8 45. Rf2 a2 46. Nd2 Rb6 47. Rxf6 Rxf6 48. Qxf6+ Kf8 49. Qg7+ Ke7 50. Qxh6 Qc6 51. Qh4+ Ke6 52. c4 1-0

[Event "Late-Titled-Tuesday-Blitz-October-17-2023"]
[Site "Chess.com"]
[Date "2023.10.17"]
[Round "3"]
[White "KNVB"]
[Black "Mindhunter08"]
[Result "1-0"]
[WhiteElo "2639"]
[BlackElo "2452"]
[TimeControl "180+1"]
[EndTime "14:29:22 PDT"]
[Termination "KNVB won by checkmate"]

1. d4 d5 2. Nc3 Nf6 3. Bf4 c5 4. e4 Nxe4 5. Nxe4 dxe4 6. dxc5 Qa5+ 7. c3 Qxc5 8. Qa4+ Nc6 9. Qxe4 g6 10. Nf3 Bg7 11.
Qe3 Qxe3+ 12. Bxe3 O-O 13. Be2 Rd8 14. O-O Bf5 15.
Rfd1 Bc2 16. Rxd8+ Rxd8 17. Nd2 Ne5 18. Nc4 a6 19.
Nxe5 Bxe5 20. Bf3 Rd7 21. h4 h5 22. a4 Bf6 23. g3 e5 24. Kf1 e4 25. Bg2 Be5 26. Ke1 f5 27. a5 Rd3 28. Bf1 Rxc3 29.
Rc1 Rc6 30. Kd2 Ba4 31. Rxc6 Bxc6 32. b4 Kf7 33. Bf4 Bf6 34. Bc4+ Ke7 35. Be3 Be5 36. Bf4 Kd6 37. Bxe5+ Kxe5 38. Ke3 Bd7 39. Be2 Be6 40.
b5 axb5 41. Bxb5 Bd5 42. Be8 Kf6 43. Kd4 Be6 44. Bb5 Bb3 45. Be8 Be6 46. Kc5 Bc8 47. Kd6 f4 48. gxf4 Kf5 49. Kc7 Be6 50. Kxb7 Kxf4 51. a6 Kf3 52. Bc6 Kxf2 53. Bxe4 Kg3 54. a7 Kxh4 55. a8=Q g5 56. Qa3 Bg4 57. Qe3 Bh3 58.
Kc7 Bg4 59. Kd6 Bh3 60. Ke5 Bg4 61. Kf6 Bh3 62. Qxg5# 1-0

[Event "Late-Titled-Tuesday-Blitz-October-17-2023"]
[Site "Chess.com"]
[Date "2023.10.17"]
[Round "3"]
[White "norwaytoadog"]
[Black "DawidCzerw"]
[Result "0-1"]
[WhiteElo "2337"]
[BlackElo "2558"]
[TimeControl "180+1"]
[EndTime "14:29:22 PDT"]
[Termination "DawidCzerw won on time"]

1. e4 c5 2. Nf3 Nc6 3. Bb5 e6 4.
Bxc6 bxc6 5. d3 Ne7 6. h4 d6 7.
h5 e5 8. h6 Bg4 9. hxg7 Bxg7 10. Nbd2 Ng6 11. Nf1 h5 12. Ne3 Nf4 13. g3 Ng6 14.
Nxg4 hxg4 15. Rxh8+ Bxh8 16. Nh2 Qa5+ 17. Qd2 Qb6 18.
Nxg4 O-O-O 19. a4 Bg7 20. Kf1 Rh8 21. Kg2 Qc7 22. Qg5 Qd7 23. Be3 Bf8 24. Nf6 Qh3+ 25. Kf3 Kc7 26. Ke2 Be7 27. c3 Rd8 28. d4 Qh8 29.
dxe5 dxe5 30. Bxc5 Qxf6 31. Qe3 Bxc5 32. Qxc5 Kb8 33.
Ra3 Qd6 34. Rb3+ Ka8 35. Qc4 Ne7 36. Kf1 Qd3+ 37. Qxd3 Rxd3 38. Ke2 Rd7 39. Rb4 Rb7 40. Ke3 c5 41. Rb5 Rxb5 42. axb5 Kb7 43. c4 Kb6 44. f4 f6 45. fxe5 fxe5 46. g4 Ka5 47. g5 Kb4 48. Kd3 Kb3 0-1

[Event "Late-Titled-Tuesday-Blitz-October-17-2023"]
[Site "Chess.com"]
[Date "2023.10.17"]
[Round "3"]
[White "GAO"]
[Black "jaskol95"]
[Result "0-1"]
[WhiteElo "2348"]
[BlackElo "2588"]
[TimeControl "180+1"]
[EndTime "14:29:24 PDT"]
[Termination "jaskol95 won by checkmate"]

1. e4 d5 2. Nf3 dxe4 3. Ng5 Bf5 4. Nc3 Nf6 5. Bc4 e6 6. Qe2 Nc6 7. Bb5 Qd4 8. Bxc6+ bxc6 9. Qa6 Qb6 10. Qc4 Be7 11. Ngxe4 O-O 12. d3 Nd5 13. O-O Rad8 14. a4 Nxc3 15. Nxc3 Rd4 16. Qa2 Rh4 17. Be3 Qb4 18.
g3 Bh3 19. Rfe1 Qg4 20. f4 Qf3 21. Re2 Rg4 22. Qc4 Rb8 23. Rb1 Rg6 24. Qe4 Qh5 25. Qxc6 Bg4 26. Rf2 Bd6 27. Ne4 Bf3 28. Rbf1 Be2 29.
Re1 Bf3 30. Ref1 Bxe4 31. Qxe4 Qa5 32. b3 h5 33. Qf3 h4 34. Kg2 hxg3 35. hxg3 f6 36. Rh1 Kf7 37. Qh5 Qxh5 38. Rxh5 a6 39. Ra5 Bb4 40. Rxa6 Ke7 41. Ra7 Bd6 42. Ra5 Rh8 43. Bc5 Rgh6 44. Bxd6+ Kxd6 45. Ra6+ Kd5 46. Re2 Rh2+ 47. Kf3 Rxe2 48. Kxe2 Rh2+ 49. Kd1 c5 50.
Ra7 Kd4 51. Rc7 Ke3 52. Rxc5 Rh1# 0-1

[Event "Late-Titled-Tuesday-Blitz-October-17-2023"]
[Site "Chess.com"]
[Date "2023.10.17"]
[Round "3"]
[White "Tunahan_Makaraci"]
[Black "Siemba"]
[Result "0-1"]
[WhiteElo "2345"]
[BlackElo "2564"]
[TimeControl "180+1"]
[EndTime "14:29:29 PDT"]
[Termination "Siemba won by resignation"]

1. e4 e5 2. Nc3 Nf6 3. f4 d5 4. fxe5 Nxe4 5. Qf3 f5 6. d3 Nxc3 7. bxc3 d4 8. Qg3 Be6 9. Be2 Nc6 10. c4 Bb4+ 11. Kd1 O-O 12. Bf3 Rb8 13. Ne2 Be7 14. h4 Kh8 15. Bg5 a6 16. Qf4 Qe8 17. Bxe7 Qxe7 18. Bxc6 bxc6 19. Nxd4 c5 20. Nxe6 Qxe6 21. Kd2 Rbd8 22. c3 Qc6 23. Qf3 Qa4 24. e6 Rfe8 25. Qxf5 Qxc4 26. Rhf1 Qxe6 27. Qxe6 Rxe6 28. Rae1 Rg6 29.
Rf2 Rg4 30. Re7 Rxh4 31. Rxc7 Ra4 32. Kc1 h6 33. Rd2 Rd5 34. Kb2 Rg4 35. Ra7 Rd6 36.
Kc2 Rdg6 37. a3 Rxg2 38. Rxg2 Rxg2+ 39. Kb3 h5 40. Rxa6 h4 41. Ra4 g5 42. Ra8+ Kh7 43.
Ra7+ Kh6 44. Ra6+ Kg7 45. Ra7+ Kg6 46. Ra6+ Kh5 47. Ra8 h3 48. Rh8+ Kg4 49. a4 Rg1 50. a5 Ra1 51. Kc4 Rxa5 52. d4 cxd4 53. cxd4 Kg3 54. d5 Ra4+ 55. Kb5 Rh4 56. Re8 h2 57. Re1 h1=Q 58. Rxh1 Rxh1 59. d6 Rd1 0-1